 Dungeon Crawl Stone Soup version bcrawl-1.22 (webtiles) character file.

Game seed: 1166088195995822609

2711 Freyura the Basher (level 9, -11/85 (86) HPs)
             Began as a Minotaur Fighter on May 16, 2020.
             Was a Believer of Ashenzari.
             Mangled by a two-headed ogre
             ... wielding a cursed +0 giant spiked club
              (19 damage)
             ... on level 7 of the Dungeon.
             The game lasted 00:19:49 (6952 turns).

Freyura the Basher (Minotaur Fighter)               Turns: 6952, Time: 00:19:50

HP:   -11/85 (86)   AC: 12    Str: 18    XL:     9   Next: 39%
MP:   0/8           EV:  9    Int:  5    God:    Ashenzari [**....]
Gold: 399           SH: 11    Dex: 17    Spells: 8/8 levels left

rFire    . . .     SeeInvis .   a - +0 flail (curse)
rCold    . . .     Gourm    .   c - +0 medium shield (curse)
rNeg     . . .     Faith    .   o - +0 chain mail
rPois    .         Spirit   +   (helmet restricted)
rElec    .         Reflect  .   (no cloak)
rCorr    .         Harm     .   (no gloves)
MR       +....                  (no boots)
Stlth    ..........             n - amulet of guardian spirit
HPRegen  0.64/turn              r - +3 ring of dexterity
MPRegen  0.11/turn              t - ring of protection from magic

@: no status effects
A: retaliatory headbutt, horns 2, thin metallic scales 1, regeneration 1, robust
1, weak 1
a: Curse Item, Scrying, Renounce Religion


You were on level 7 of the Dungeon.
You worshipped Ashenzari.
Ashenzari was pleased with you.
You were very hungry.

You visited 2 branches of the dungeon, and saw 8 of its levels.

You collected 399 gold pieces.

Inventory:

Hand Weapons
 a - a cursed +0 flail (weapon)
Missiles
 s - a throwing net (quivered) {!f}
Armour
 b - a +0 scale mail
 c - a cursed +0 medium shield (worn)
 o - a +0 chain mail (worn)
Jewellery
 n - an amulet of guardian spirit (around neck)
 r - a +3 ring of dexterity (left hand)
 t - a ring of protection from magic (right hand)
 u - an uncursed ring of ice
 x - an uncursed amulet of regeneration
Scrolls
 f - 4 scrolls of enchant weapon
 h - 2 scrolls of teleportation
 j - 3 scrolls of magic mapping
 m - 3 scrolls of remove curse
 p - 2 scrolls of fog
 w - 3 scrolls of identify
Potions
 d - a potion of might
 g - a potion of agility
 i - 2 potions of lignification
 k - 2 potions of invisibility
 l - a potion of haste
 q - a potion of magic
 v - a potion of mutation
 A - a potion of curing
 B - a potion of flight
Comestibles
 e - 12 rations {!d}


   Skills:
 + Level 7.2 Fighting
 * Level 9.4(11.5) Maces & Flails
 + Level 7.2 Armour
 + Level 5.5 Dodging
 + Level 7.2(8.7) Shields


You had 8 spell levels left.
You didn't know any spells.
Your spell library was empty.

Dungeon Overview and Level Annotations

Branches:
Dungeon (7/12)             Temple (1/1) D:4
   Lair: D:7-9

Altars:
Ashenzari
Cheibriados
Elyvilon
Fedhas
Gozag
Hepliaklqana
Kikubaaqudgha
Lugonu
Nemelex Xobeh
Okawaru
Qazlal
Ru
Sif Muna
Trog
Uskayaw
Vehumet
Wu Jian
Xom
Yredelemnul
Zin
The Shining One

Shops:
D:6 !


Innate Abilities, Weirdness & Mutations

You reflexively headbutt those who attack you in melee.
You have a pair of horns on your head.
You are partially covered in thin metallic scales. (AC +2)
Your natural rate of healing is unusually fast.
You are robust. (+10% HP)
You are weak. (Str -2)


Message History

The wight barely misses you.
The two-headed ogre hits you with a cursed +0 giant spiked club!!
The two-headed ogre hits you with a +0 giant club.
* * * LOW HITPOINT WARNING * * *
You barely miss the two-headed ogre.
Your headbutt misses the two-headed ogre.
The two-headed ogre is severely wounded.
You block the wight's attack.
Your shield and chain mail prevent you from hitting the two-headed ogre.
The two-headed ogre is severely wounded.
The two-headed ogre barely misses you. You furiously retaliate!
You headbutt the two-headed ogre!
The two-headed ogre hits you with a +0 giant club!!
* * * LOW HITPOINT WARNING * * *
The wight hits you but does no damage.
You hit the two-headed ogre.
The two-headed ogre is almost dead.
The wight barely misses you.
The two-headed ogre hits you with a cursed +0 giant spiked club!!
You die...

, * , ,.... ,* *
, .... , , * # ,
..., * ,* , #.*
*#+#.., ,, , , ,
###.####.#.# * *
,
...........#####
* ,
........z.......
.$........# *
......O@..# *
..........#
..........# , *,
*########### * *
, , , ,


You could see a two-headed ogre and a wight.

Vanquished Creatures
  A hungry ghost (D:6)
  Menkaure (D:4)
  Duvessa (D:5)
  A black bear (D:6)
  2 sky beasts
  A phantom (D:5)
  A necrophage (D:6)
  5 ogres
  2 centaurs
  Dowan (D:5)
  A water moccasin skeleton (D:4)
  3 howler monkeys
  7 crimson imps
  A quasit (D:5)
  2 bullfrog skeletons
  A hound (D:4)
  6 orc priests
  A jelly (D:6)
  8 orc wizards
  A centaur skeleton (D:5)
  An iguana (D:5)
  A howler monkey skeleton (D:4)
  A worker ant zombie (D:6)
  10 adders
  An adder zombie (D:6)
  2 adder skeletons
  A worm (D:4)
  5 dart slugs
  9 leopard geckos
  21 orcs
  3 bats
  3 giant cockroaches
  3 goblins
  6 hobgoblins
  15 jackals
  2 quokkas
  A ball python (D:1)
  7 frilled lizards
  A jackal skeleton (D:4)
  7 kobolds
  A leopard gecko skeleton (D:5)
  2 rats (D:1)
150 creatures vanquished.

Vanquished Creatures (others)
  A plant (D:4)
1 creature vanquished.

Grand Total: 151 creatures vanquished

Notes
Turn   | Place    | Note
-------+----------+-------------------------------------------
     0 | D:1      | Freyura the Minotaur Fighter began the quest for the Orb.
     0 | D:1      | Reached XP level 1. HP: 19/19 MP: 0/0
   106 | D:1      | Reached XP level 2. HP: 27/27 MP: 1/1
   120 | D:1      | Reached skill level 3 in Maces & Flails
   472 | D:1      | Reached skill level 1 in Dodging
   479 | D:1      | Reached XP level 3. HP: 25/33 MP: 2/2
  1193 | D:2      | Found a faded altar of an unknown god.
  1581 | D:2      | Found a shattered altar of Ashenzari.
  1590 | D:2      | Became a worshipper of Ashenzari the Shackled
  1634 | D:2      | Found an opulent altar of Gozag.
  1635 | D:2      | Found a sparkling altar of Nemelex Xobeh.
  1642 | D:2      | Reached XP level 4. HP: 35/40 MP: 1/3
  1928 | D:3      | Reached skill level 4 in Maces & Flails
  1928 | D:3      | Reached XP level 5. HP: 33/47 MP: 2/4
  2985 | D:3      | Found a shimmering altar of Xom.
  3168 | D:3      | Noticed a sky beast
  3177 | D:3      | Killed a sky beast
  3177 | D:3      | Reached skill level 5 in Maces & Flails
  3177 | D:3      | Reached XP level 6. HP: 35/55 MP: 2/5
  3446 | D:4      | Reached skill level 5 in Fighting
  3592 | D:4      | Noticed Menkaure
  3595 | D:4      | Found a staircase to the Ecumenical Temple.
  3603 | D:4      | Killed Menkaure
  3603 | D:4      | Reached skill level 5 in Armour
  3603 | D:4      | Reached skill level 5 in Shields
  3603 | D:4      | Reached XP level 7. HP: 34/61 MP: 3/6
  3619 | Temple   | Entered the Ecumenical Temple
  3898 | D:4      | Reached skill level 6 in Maces & Flails
  4286 | D:4      | Reached * piety under Ashenzari
  4432 | D:4      | Found a blossoming altar of Fedhas.
  4788 | D:5      | Entered Level 5 of the Dungeon
  4877 | D:5      | Reached XP level 8. HP: 68/70 MP: 7/7
  4899 | D:5      | Reached skill level 7 in Maces & Flails
  5572 | D:5      | Reached ** piety under Ashenzari
  5675 | D:5      | Reached skill level 8 in Maces & Flails
  5780 | D:5      | Noticed Duvessa
  5780 | D:5      | Noticed Dowan
  5789 | D:5      | Killed Duvessa
  5792 | D:5      | Killed Dowan
  6146 | D:5      | Gained mutation: You are weak. (Str -2) [potion of
                  | mutation]
  6146 | D:5      | Gained mutation: You are robust. (+10% HP) [potion of
                  | mutation]
  6146 | D:5      | Gained mutation: Your natural rate of healing is unusually
                  | fast. [potion of mutation]
  6146 | D:5      | Gained mutation: You are partially covered in thin metallic
                  | scales. (AC +2) [potion of mutation]
  6209 | D:6      | Found Luoput's Distillery.
  6223 | D:6      | Reached skill level 5 in Dodging
  6223 | D:6      | Reached XP level 9. HP: 85/85 MP: 8/8
  6413 | D:6      | Reached skill level 9 in Maces & Flails
  6497 | D:6      | Found a white marble altar of Elyvilon.
  6933 | D:7      | Noticed a two-headed ogre
  6952 | D:7      | Mangled by a two-headed ogre

Skill      XL: |  1  2  3  4  5  6  7  8  9 |
---------------+----------------------------+-----
Maces & Flails | 3 4 5 6 8 9 |  9.4
Dodging        | 1 2 3 5 |  5.5
Fighting       | 4 5 6 7 |  7.2
Shields        | 4 5 6 7 |  7.2
Armour         | 4 5 6 7 |  7.2

Action                   |  1- 3 |  4- 6 |  7- 9 || total
-------------------------+-------+-------+-------++-------
Melee: Flail             |   128 |   108 |   288 ||   524
       Headbutt          |     9 |    16 |    64 ||    89
Invok: Curse Item        |     2 |       |       ||     2
  Use: Scroll            |       |     4 |    11 ||    15
       Potion            |       |     2 |     4 ||     6
  Eat: Chunk             |     2 |     3 |    10 ||    15
       Ration            |       |     1 |     1 ||     2
Armor: Scale mail        |    52 |    45 |    78 ||   175
       Chain mail        |       |       |     6 ||     6
Dodge: Dodged            |    38 |    37 |   105 ||   180
Block: Medium shield     |    66 |    55 |   148 ||   269
